Map: Ulrena

Players

Arcanumus - Winner!

  • Race: Terran Terran
  • League: Master

MorN

  • Race: Terran Terran
  • League: Master

VOD

Have the link to the VOD?

Description

Time

  • Played on: Nov. 17, 2015, 6:50 p.m.
  • Length: 4:01
Show
View Real Time Build Order
Export as new Build Order

Arcanumus Terran - Winner!

Build Orders:  

Get SALT Encoding   

  12  0:01  SCV  
  13  0:13  SCV  
  14  0:18  Supply Depot  
  14  0:26  SCV  
  15  0:41  SCV, Barracks  
  16  0:47  Refinery  
  16  0:55  SCV  
  17  1:03  Barracks  
  17  1:07  SCV  
  18  1:21  SCV, Supply Depot  
  19  1:30  Reaper  
  20  1:34  Refinery  
  20  1:37  SCV  
  21  1:50  Barracks Tech Lab  
  21  1:54  Orbital Command  
  21  2:04  Reaper  
  22  2:09  Marauder  
  22  2:11  Concussive Shells  
  24  2:19  SCV  
  25  2:23  Supply Depot  
  25  2:32  Marauder  
  25  2:37  Reaper  
  28  2:43  Barracks  
  28  2:53  Marauder  
  30  3:14  Reaper, Marauder  
  31  3:29  SCV  
  33  3:36  Marauder  
Show
View Real Time Build Order
Export as new Build Order

MorN Terran 

Build Orders:  

Get SALT Encoding   

  12  0:00  SCV  
  13  0:13  SCV  
  14  0:17  Supply Depot  
  14  0:25  SCV  
  15  0:28  Refinery  
  15  0:39  SCV  
  16  0:45  Barracks  
  16  0:52  SCV  
  17  1:05  SCV  
  18  1:17  SCV  
  19  1:32  Orbital Command  
  19  1:33  Marine  
  20  1:47  Command Center  
  21  1:58  Factory  
  20  2:02  Marine  
  20  2:11  Supply Depot  
  20  2:16  SCV  
  20  2:20  Marine  
  21  2:38  Marine  
  21  2:42  Hellion, Bunker  
  21  2:43  Starport  
  24  2:50  SCV  
  25  2:55  Marine  
  20  3:16  Hellion  
  20  3:21  Medivac  
  18  3:29  Marine  
Tags
 
Matchup
TvT
Race
Terran
Replay Pack
MorN pack 2
Add a new tag
Caveats
  • Supply blocks, unpowered buildings, or Contaminate may cause inaccurate times.
  • Supply counts are checked every 10 seconds.